cohdb
Replays
Latest Replays
All Replays
Popular Replays
Top Player Replays
Match Explorer
How It Works
Community
CoH3 Stats
Reddit
Sign in to upload your games and track your stats! →
Sign in with Steam
Match 34274597
Unlisted
Match 34274597
Overview
Messages
Build Orders
End
Panzergrenadier Squad
Selects Armored Support Battlegroup
Panzergrenadier Squad
250 Light Carrier
Panzergrenadier Squad
Construct Light Support Kompanie
Construct Mechanized Kompanie
Selects Superior Fire Drills
8 Rad Armored Car
Selects Salvage Kits
MG34 Team
Fire Support Elements
le.IG 18 Mechanized Group
Selects Flammpanzer III Medium Tank
Pak 38 Anti-tank Gun Team
Construct Panzerarmee Kommand
Selects Salvage Kits
Selects Panzer Storm
Panzer III L Medium Tank
ZRL454
Schmutz
Bruistablet
sk23
0
0
Comments
sign in to comment!
No comments posted yet!